 Dungeon Crawl Stone Soup version 0.32-a0-732-ga344392067 (webtiles) character file.

Game seed: 5891489527249942623

39 MackTheKnife the Apothecary (level 3, -2/26 HPs)
             Began as a Draconian Alchemist on Mar 16, 2024.
             Frozen to death by an endoplasm (4 damage)
             ... on level 1 of the Dungeon.
             The game lasted 00:01:40 (1179 turns).

MackTheKnife the Apothecary (Draconian Alchemist)   Turns: 1179, Time: 00:01:41

Health: -2/26      AC:  5    Str: 10    XL:     3   Next: 26%
Magic:  0/6        EV: 11    Int: 15    God:
Gold:   22         SH:  0    Dex: 13    Spells: 3/6 levels left

rFire   . . .        c - +0 dagger {short}
rCold   . . .        (no shield)
rNeg    . . .        (body armour unavailable)
rPois   .            (helmet restricted)
rElec   .            (no cloak)
rCorr   .            (no gloves)
SInv    .            (no boots)
Will    .....        (no amulet)
Stlth   ++           (no ring)
HPRegen 0.24/turn    (no ring)
MPRegen 0.10/turn

%: no passive effects
@: slowed, very slow
A: AC +5, unfitting armour, cold-blooded
a: no special abilities


You were on level 1 of the Dungeon.
You visited 1 branch of the dungeon, and saw 2 of its levels.

You collected 22 gold pieces.


Innate Abilities, Weirdness & Mutations

Your plain brown scales are hard. (AC +5)
You cannot fit into any form of body armour.
You are cold-blooded and may be slowed by cold attacks.


   Skills:
 - Level 1.7 Dodging
 - Level 1.7 Stealth
 - Level 2.0 Spellcasting
 - Level 1.0 Conjurations
 + Level 4.4 Alchemy


You had 3 spell levels left.
You knew the following spells:

 Your Spells              Type           Power      Damage    Failure   Level
a - Sting                 Conj/Alch      36%        1d5       8%          1
b - Mercury Vapours       Alch/Air       16%        N/A       14%         2

Your spell library contained the following spells:

 Spells                   Type           Power      Damage    Failure   Level
 Scorch                   Fire           2%         2d5       32%         2
 Mephitic Cloud           Conj/Alch/Air  6%         N/A       32%         3
 Olgreb's Toxic Radiance  Alch           14%        N/A       34%         4
 Sticky Flame             Fire/Alch      8%         2d4       65%         4
 Flame Wave               Conj/Fire      3%         2d5       87%         4
 Summon Cactus Giant      Summ           0%         N/A       100%        6

Inventory:

Hand Weapons
 c - a +0 dagger (weapon) {short}
   (You took it off a goblin on level 1 of the Dungeon)
Scrolls
 e - a scroll of vulnerability {unknown}
 f - a scroll of noise {unknown}
Potions
 a - a potion of magic
 b - a potion of mutation {unknown}
 d - 2 potions of resistance {unknown}
 g - a potion of might {unknown}

Dungeon Overview and Level Annotations

Branches:
Dungeon (2/15) Zot: 10807

Altars:

.####.#####.#†# ##..####'###
.# #.# #.#># ###..'...'. .#
#.# #.#†# ####.<.## .# #.#
#.#.# ###..'...'. .# #.# #.#.#
##..####'### .# #.# #.#.#
##.### #.# .# #.# #.#.##
#.#### #.# .#
##.#####....#########.# #.#
.###.†.#.....#>J@...# #.#
##.### .##......##....##.#.#
#.# #.....
............#####.#.# #.#
#.###. ###......#### #.#.# #.#
#.# #. ##...#.#
##.#.####.###.###.
#...#.#######..)..........##..
#..........................†..
#...#.#######...#####........#
#####..........## ##########


You could see an endoplasm (poisoned, weak).


Message History

There is a stone staircase leading up here. 😮 HP[-4]
You take 4 damage, and now have 17/26 hp.
The endoplasm misses you. The endoplasm freezes you.
You are frozen.
You feel as though you will be slow longer.
You climb upwards.
There is a stone staircase leading down here. 😮 HP[-2]
You take 2 damage, and now have 15/26 hp.
Unknown command.
Unknown command.
The endoplasm attacks as it pursues you!
The endoplasm hits you but does no damage.
The endoplasm hits you.
* * * LOW HITPOINT WARNING * * *
The endoplasm barely misses you.
The endoplasm hits you but does no damage. 😨 HP[-2]
You take 2 damage, and now have 13/26 hp.
The endoplasm attacks as it pursues you!
The endoplasm closely misses you.
Casting: Sting (safe; 8% risk of failure)
Confirm with . or Enter, or press ? or * to list all spells.
Aiming: Sting (safe; 8% risk of failure)
Press: ? - help, Shift-Dir - straight line, f - endoplasm
Aim: an endoplasm (97% to hit)
Okay, then.
Casting: Sting (safe; 8% risk of failure)
Confirm with . or Enter, or press ? or * to list all spells.
Aiming: Mercury Vapours (safe; 14% risk of failure)
Press: ? - help, Dir - move target, f - endoplasm
Aim: an endoplasm (chance to weaken: 100%) Fumes of mercury billow around the endoplasm!
The endoplasm looks weaker. x2
The endoplasm hits you but does no damage.
The endoplasm barely misses you. 😮 HP[+1] MP[-2]
You lost 2 mp, and now have 4/6 mp.
Casting: Mercury Vapours (safe; 14% risk of failure)
Confirm with . or Enter, or press ? or * to list all spells.
Aiming: Sting (safe; 8% risk of failure)
Press: ? - help, Shift-Dir - straight line, f/p - endoplasm
Aim: an endoplasm (weak, 97% to hit)
The sting hits the endoplasm.
The endoplasm partially resists.
The endoplasm freezes you.
You are frozen.
* * * LOW HITPOINT WARNING * * *
You feel as though you will be slow longer. 😨 HP[-5] MP[-1]
You take 5 damage, and now have 9/26 hp.
You lost 1 mp, and now have 3/6 mp.
Casting: Sting (safe; 8% risk of failure)
Confirm with . or Enter, or press ? or * to list all spells.
Aiming: Sting (safe; 8% risk of failure)
Press: ? - help, Shift-Dir - straight line, f/p - endoplasm
Aim: an endoplasm (moderately wounded, weak, 97% to hit)
The sting hits the endoplasm.
The endoplasm is poisoned.
The endoplasm is no longer weakened.
The endoplasm barely misses you. The endoplasm freezes you.
You are frozen.
* * * LOW HITPOINT WARNING * * *
You feel as though you will be slow longer. 😱 HP[-3] MP[-1]
You take 3 damage, and now have 6/26 hp.
You lost 1 mp, and now have 2/6 mp.
Casting: Sting (safe; 8% risk of failure)
Confirm with . or Enter, or press ? or * to list all spells.
Aiming: Sting (safe; 8% risk of failure)
Press: ? - help, Shift-Dir - straight line, f/p - endoplasm
Aim: an endoplasm (almost dead, poisoned, 97% to hit)
The sting hits the endoplasm.
The endoplasm partially resists.
You kill the endoplasm! 😨 HP[+1] MP[-1]
You lost 1 mp, and now have 1/6 mp.
Casting: Sting (safe; 8% risk of failure)
Confirm with . or Enter, or press ? or * to list all spells.
Aiming: Sting (safe; 8% risk of failure)
Press: ? - help, Shift-Dir - straight line, f - endoplasm
Aim: an endoplasm (weak, 97% to hit)
The sting hits the endoplasm.
The endoplasm partially resists.
The endoplasm is poisoned.
The endoplasm hits you but does no damage.
The endoplasm freezes you.
You are frozen.
* * * LOW HITPOINT WARNING * * *
You feel as though you will be slow longer. 😱 HP[-5] MP[-1]
You take 5 damage, and now have 2/26 hp.
You lost 1 mp, and now have 0/6 mp.
Casting: Sting (safe; 8% risk of failure)
Confirm with . or Enter, or press ? or * to list all spells.
Okay, then.
Unknown command.
Okay, then.
You hit the endoplasm. The endoplasm freezes you.
You are frozen.
You die...

Skill      XL: |  1  2 |
---------------+-------+-----
Alchemy        | 4 |  4.4
Dodging        | |  1.7
Stealth        | |  1.7
Spellcasting   | |  2.0
Conjurations   | |  1.0

Action                     || total
---------------------------++-------
  Melee: Unarmed           ||     3
         Dagger            ||    38
         Tailslap          ||     5
   Cast: Sting             ||    44
         Mercury Vapours   ||     1
 Armour: Skin              ||    33
  Dodge: Dodged            ||    39

Levels and vault maps discovered:
D:1:      dpeg_arrival_radiant, layout_loops_ring
D:2:      cheibrodos_old_hovel, layout_rooms, corexii_shack,
          kennysheep_cross_bottleneck, minmay_hexomino_p4

Notes
Turn   | Place    | Note
-------+----------+-------------------------------------------
     0 | D:1      | MackTheKnife the Draconian Alchemist began the quest for
                  | the Orb.
     0 | D:1      | Reached XP level 1. HP: 14/14 MP: 3/3
     0 | D:1      | magus.rc [v1.9.6]
   164 | D:1      | You pick up a book of Scorching and begin reading...
   164 | D:1      | You add the spells Scorch, Flame Wave and Summon Cactus
                  | Giant to your library.
   309 | D:1      | Reached XP level 2. HP: 20/20 MP: 3/5
   414 | D:1      | Learned a level 2 spell: Mercury Vapours
   699 | D:1      | Reached skill level 4 in Alchemy
  1000 | D:1      | Reached XP level 3. HP: 22/26 MP: 1/6
  1176 | D:1      | HP: 6/26 [frozen (3)]
  1178 | D:1      | HP: 2/26 [frozen (5)]
  1179 | D:1      | Frozen to death by an endoplasm

Vanquished Creatures
  3 dart slugs
  4 endoplasms
  2 giant cockroaches (D:1)
  5 goblins
  A hobgoblin (D:1)
  2 quokkas (D:1)
  4 ball pythons (D:1)
  4 bats (D:1)
  2 frilled lizards (D:1)
  A kobold (D:2)
  3 rats
31 creatures vanquished.

Table legend:
 A = Non-vault XP
 B = Vault XP
 C = Vault XP percentage of total XP
 D = Non-vault monster count
 E = Vault monster count
 F = Vault count percentage of total count
                 A         B        C        D         E       F
            +---------+---------+-------+---------+---------+-------
      Total |      54 |       2 |   3.6 |      30 |       1 |   3.2
            +---------+---------+-------+---------+---------+-------
        D:1 |      44 |       2 |   4.3 |      25 |       1 |   3.8
        D:2 |      10 |       0 |   0.0 |       5 |       0 |   0.0
            +---------+---------+-------+---------+---------+-------

Skill      XL: |  1  2 |
---------------+-------+-----
Alchemy        | 4 |  4.4
Dodging        | |  1.7
Stealth        | |  1.7
Spellcasting   | |  2.0
Conjurations   | |  1.0

Action                     || total
---------------------------++-------
  Melee: Unarmed           ||     3
         Dagger            ||    38
         Tailslap          ||     5
   Cast: Sting             ||    44
         Mercury Vapours   ||     1
 Armour: Skin              ||    33
  Dodge: Dodged            ||    39

Illustrated notes

Table legend:
 A = Kills in this place as a percentage of kills in the entire game.
 B = Kills by you in this place as a percentage of kills by you in the entire game.
 C = Kills by friends in this place as a percentage of kills by friends in the entire game.
 D = Other kills in this place as a percentage of other kills in the entire game.
 E = Experience gained in this place as a percentage of experience gained in the entire game.
 F = Experience gained in this place divided by the number of levels of this place that you have seen.
                   A       B       C       D       E      F
               +-------+-------+-------+-------+-------+----------------------
         Total | 100.0 | 100.0 |   N/A |   N/A | 100.0 |  28.0
       Dungeon | 100.0 | 100.0 |   N/A |   N/A | 100.0 |  28.0
               +-------+-------+-------+-------+-------+----------------------

Table legend: (Time is in decaauts)
 A = Elapsed time spent in this place.
 B = Non-inter-level travel time spent in this place.
 C = Inter-level travel time spent in this place.
 D = Time resting spent in this place.
 E = Time spent auto-exploring this place.
 F = Levels seen in this place.
 G = Mean time per level.
                   A        B        C        D        E       F      G
               +--------+--------+--------+--------+--------+-----+--------+
         Total |   1191 |   1145 |     46 |    137 |    801 |   2 |  595.5 |
       Dungeon |   1191 |   1145 |     46 |    137 |    801 |   2 |  595.5 |
               +--------+--------+--------+--------+--------+-----+--------+

Top non-repeatable levels by time:
     D:1: 1133 daAuts
     D:2: 58 daAuts
